 Dungeon Sprint DCSS version 0.29-a0-732-g3d7fbe0af2 (webtiles) character file.

Game seed: 11305342530536783743

10 Hipnos the Gusty (level 2, -1/15 HPs)
             Began as a Deep Elf Air Elementalist on June 29, 2022.
             Slain by a neqoxec (11 damage)
             ... in the Dungeon (Sprint II: "The Violet Keep of Menkaure").
             The game lasted 00:03:03 (256 turns).

Hipnos the Gusty (Deep Elf Air Elementalist)         Turns: 256, Time: 00:03:06

Health: -1/15      AC:  2    Str:  5    XL:     2   Next: 10%
Magic:  8/9        EV: 13    Int: 19    God:
Gold:   243        SH:  0    Dex: 15    Spells: 6/9 levels left

rFire   . . .      SeeInvis .   (no weapon)
rCold   . . .      Faith    .   (no shield)
rNeg    . . .      Spirit   .   a - +0 robe
rPois   .          Reflect  .   (no helmet)
rElec   .          Harm     .   (no cloak)
rCorr   .          Rampage  .   (no gloves)
Will    .....      NoTele   +   (no boots)
Stlth   ++........              (no amulet)
HPRegen 0.05/turn               (no ring)
MPRegen 0.11/turn               (no ring)

@: no status effects
A: no striking features
a: no special abilities


You were in the Dungeon.
You visited 1 branch You collected 243 gold pieces.

Inventory:

Armour
 a - a +0 robe (worn)
Scrolls
 g - a scroll of blinking
Potions
 b - 2 potions of magic
 c - a potion of curing
 d - a potion of heal wounds
 e - a potion of haste
 f - a potion of berserk rage


   Skills:
 + Level 2.9 Dodging
 + Level 2.8 Stealth
 + Level 4.0 Spellcasting
 + Level 1.7 Conjurations
 + Level 4.2 Air Magic


You had 6 spell levels left.
You knew the following spells:

 Your Spells              Type           Power      Damage    Failure   Level
a - Shock                 Conj/Air       60%        1d6       4%          1
b - Static Discharge      Conj/Air       15%        N/A       6%          2

Your spell library contained the following spells:

 Spells                   Type           Power      Damage    Failure   Level
 Swiftness                Air            19%        N/A       8%          3
 Airstrike                Air            9%         N/A       24%         4


Dungeon Overview and Level Annotations

Branches:
Dungeon (1/1)

Altars:


Message History

Attack: -) Nothing wielded
Press: ? - help, Dir - move target, f - you That would be overly suicidal.
Okay, then.
Press: ? - help, v - describe, . - travel The floor.
Your movement speed is average.
Your attack delay is about 1.0.
Okay, then.
There is an open door here.
There is a staircase leading out of the dungeon here.
You start resting.
Magic restored.
You open the door. 2 scorpions come into view.
Found 243 gold pieces.
Unknown command.
You close the door.
You open the door. 2 boulder beetles come into view.
Found 243 gold pieces.
You close the door.
There is a staircase leading out of the dungeon here.
You open the door. 4 neqoxecs come into view.
The neqoxec shouts! x2
Found 243 gold pieces.
Casting: Shock (safe; 4% risk of failure)
Confirm with . or Enter, or press ? or * to list all spells.
Aiming: Shock (safe; 4% risk of failure)
Press: ? - help, Shift-Dir - straight line, f - neqoxec
Aim: a neqoxec (64% to hit)
That beam is likely to hit you.
Continue anyway?
The zap hits the neqoxec.
The neqoxec is lightly wounded.
The zap misses the neqoxec. x3; The zap hits you.
The neqoxec gestures at you.
Something tries to feed on your intellect!
The neqoxec hits you!
Ouch! That really hurt!
You die...

#≈≈#+++#+++##
≈≈≈.........#
#+## #†#.##
#.##..# #
###..## #3
#'## #
#.##.###s.#
#33@<.+$#
#.3##.###s.#
#. #+# # #
.#$ .B B. ##.
.## ## ##


You could see 4 neqoxecs.

Vanquished Creatures
  3 worms (D)
3 creatures vanquished.

Vanquished Creatures (others)
  A water moccasin (D)
1 creature vanquished.

Grand Total: 4 creatures vanquished

Notes
Turn   | Place    | Note
-------+----------+-------------------------------------------
     0 | D        | Hipnos the Deep Elf Air Elementalist began the quest for
                  | the Orb.
     0 | D        | Reached XP level 1. HP: 10/10 MP: 6/6
   106 | D        | Killed a water moccasin
   208 | D        | Noticed a flying skull
   209 | D        | Noticed a flying skull
   209 | D        | Noticed a flying skull
   209 | D        | Noticed a flying skull
   209 | D        | Noticed a flying skull
   209 | D        | Noticed a flying skull
   209 | D        | Noticed a flying skull
   209 | D        | Noticed a flying skull
   209 | D        | Noticed a flying skull
   209 | D        | Noticed a flying skull
   210 | D        | Noticed a flying skull
   213 | D        | Reached XP level 2. HP: 15/15 MP: 5/9
   219 | D        | Learned a level 2 spell: Static Discharge
   248 | D        | Noticed a scorpion
   248 | D        | Noticed a scorpion
   251 | D        | Noticed a boulder beetle
   251 | D        | Noticed a boulder beetle
   255 | D        | Noticed a neqoxec
   255 | D        | Noticed a neqoxec
   255 | D        | Noticed a neqoxec
   255 | D        | Noticed a neqoxec
   256 | D        | Slain by a neqoxec

Illustrated notes

Levels and vault maps discovered:
D:        the_violet_keep_of_menkaure [sprint2_stairs_cluster_1,
          sprint2_shoproom, sprint2_temple, sprint2_basic_supplies,
          sprint2_obstacle_2, sprint2_obstacle_6, sprint2_obstacle_1,
          sprint2_obstacle_3, sprint2_obstacle_4, sprint2_timed_cluster_1,
          sprint2_smallroom_cluster_1, sprint2_smallroom_final_cluster_1,
          sprint2_transparent_cluster_1, sprint2_second_timed_cluster_1,
          sprint2_sniper_area_1, sprint2_heavy_combat_area_1,
          sprint2_mutation_trap_area_1, sprint2_forest_area_1,
          sprint2_light_combat_area_1, sprint2_behind_water_1,
          sprint2_near_end_vault_1]

Skill      XL: |  1 |
---------------+----+-----
Air Magic      | 4 |  4.2
Spellcasting   | 4 |  4.0
Dodging        | |  2.9
Stealth        | |  2.8
Conjurations   | |  1.7

Action                   || total
-------------------------++-------
 Cast: Shock             ||    16
  Use: Potion            ||     1
Dodge: Dodged            ||     3

Table legend: (Time is in decaauts)
 A = Elapsed time spent in this place.
 B = Non-inter-level travel time spent in this place.
 C = Inter-level travel time spent in this place.
 D = Time resting spent in this place.
 E = Time spent auto-exploring this place.
 F = Levels seen in this place.
 G = Mean time per level.
                   A        B        C        D        E       F      G
               +--------+--------+--------+--------+--------+-----+--------+
         Total |    256 |    256 |      0 |    206 |      0 |   1 |  256.0 |
       Dungeon |    256 |    256 |      0 |    206 |      0 |   1 |  256.0 |
               +--------+--------+--------+--------+--------+-----+--------+

Top non-repeatable levels by time:
       D: 256 daAuts
